 Dungeon Crawl Stone Soup version 0.21.1-1-g345015f (webtiles) character file.

497 Monsterracer the Chopper (level 7, -4/55 HPs)
             Began as a Human Fighter on Feb 16, 2018.
             Killed by nerve-wracking pain
             ... invoked by Grinder
              (8 damage)
             ... on level 4 of the Dungeon.
             The game lasted 00:03:56 (4028 turns).

Monsterracer the Chopper (Human Fighter)            Turns: 4028, Time: 00:03:56

Health: -4/55      AC:  9    Str: 24    XL:     7   Next: 39%
Magic:  7/7        EV:  7    Int:  8    God:
Gold:   134        SH: 10    Dex: 12    Spells: 6/6 levels left

rFire    . . .     SeeInvis .   a - +1 war axe
rCold    . . .     Gourm    .   f - +0 shield
rNeg     . . .     Faith    .   b - +0 scale mail
rPois    .         Spirit   .   l - +0 helmet
rElec    .         Reflect  .   (no cloak)
rCorr    .         Harm     .   h - +0 pair of gloves
MR       .....                  (no boots)
Stlth    ..........             (no amulet)
HPRegen  0.18/turn              (no ring)
MPRegen  0.10/turn              (no ring)

@: mighty
A: no striking features
a: no special abilities


You were on level 4 of the Dungeon.
You were not hungry.

You visited 1 branch of the dungeon, and saw 4 of its levels.
You also visited: Sewer.

You collected 134 gold pieces.

Inventory:

Hand Weapons
 a - a +1 war axe (weapon)
Armour
 b - a +0 scale mail (worn)
 f - a +0 shield (worn)
 h - a +0 pair of gloves (worn)
 l - a +0 helmet (worn)
Wands
 n - a wand of paralysis (17)
Scrolls
 i - a scroll of teleportation
 j - 3 scrolls of fear {!r}
 k - a scroll of amnesia {unknown}
Potions
 e - 2 potions of brilliance
 g - a potion of flight
 m - 3 potions of mutation {!q}
 o - a potion of agility
Comestibles
 c - 4 rations


   Skills:
 + Level 4.3 Fighting
 * Level 5.0 Axes
 + Level 4.3 Armour
 + Level 4.4 Shields


You had 6 spell levels left.
You didn't know any spells.

Dungeon Overview and Level Annotations

Branches:
Dungeon (4/15)
 Temple: D:4-7

Altars:
Vehumet
Wu Jian

Annotations:
D:4 Grinder


Message History

You kill the orc!
The orc closely misses you.
You closely miss the orc. You barely miss the orc.
Grinder comes into view.
You barely miss the orc.
Grinder moves out of view.
The orc hits you but does no damage.
You barely miss the orc. The orc closely misses you. The orc barely misses you.
You hit the orc.
The orc is heavily wounded.
The orc hits you but does no damage.
Your shield and scale mail prevent you from hitting the orc.
The orc is heavily wounded.
Grinder blinks!
The orc closely misses you.
Grinder blinks!
Your shield and scale mail prevent you from hitting the orc.
The orc is heavily wounded.
The orc hits you but does no damage. x2
Your scale mail prevents you from hitting the orc.
The orc is heavily wounded.
You block the orc's attack.
You completely miss the orc.
The orc is heavily wounded.
The orc hits you with a whip.
You take 1 damage, and have 54/55 hp.
You slash the orc!
You kill the orc!
Grinder says, "At least Makhleb appreciates what I'm doing."
Grinder blinks!
Grinder says, "I used to sell toenails on the black market."
Grinder gestures at you. Pain shoots through your body!
You closely miss the orc. The orc hits you but does no damage. x2
You take 12 damage, and have 42/55 hp.
MASSIVE DAMAGE!!
You slash the orc!
You kill the orc!
The orc barely misses you.
You closely miss the orc. You block the orc's attack.
Your shield and scale mail prevent you from hitting the orc.
The orc hits you but does no damage.
You hit the orc.
The orc is heavily wounded.
The orc hits you but does no damage.
Your shield and scale mail prevent you from hitting the orc.
The orc is heavily wounded.
You block the orc's attack.
You hit the orc but do no damage.
The orc is heavily wounded.
The orc hits you but does no damage. You block the orc's attack.
You barely miss the orc.
The orc is heavily wounded.
You block the orc's attack.
You hit the orc.
The orc is severely wounded.
You block the orc's attack.
You slash the orc!
You kill the orc!
Grinder hits you but does no damage.
Items here: $ )))) ?? [[ †† You slash Grinder!
Grinder is moderately wounded.
Grinder gestures at you. Pain shoots through your body!
Grinder blinks!
You take 14 damage, and have 30/55 hp.
MASSIVE DAMAGE!!
You slash Grinder!
Grinder is heavily wounded.
Grinder hits you.
* * * LOW HITPOINT WARNING * * *
You take 5 damage, and have 26/55 hp.
You closely miss Grinder.
Grinder is heavily wounded.
Grinder blinks!
Grinder gestures at you.
You suddenly lose the ability to move!
Grinder gestures at you. Pain shoots through your body!
* * * LOW HITPOINT WARNING * * *
Grinder gestures at you. Pain shoots through your body!
* * * LOW HITPOINT WARNING * * *
Grinder gestures at you. Pain shoots through your body!
* * * LOW HITPOINT WARNING * * *
You can move again.
You take 23 damage, and have 3/55 hp.
MASSIVE DAMAGE!!
You feel very mighty all of a sudden.
Your shield and scale mail prevent you from hitting Grinder.
Grinder is heavily wounded.
You block Grinder's attack. Grinder barely misses you.
You closely miss Grinder.
Grinder is heavily wounded.
Grinder completely misses you.
You slash Grinder!
Grinder is almost dead.
Grinder drinks a potion.
Grinder is healed!
You barely miss Grinder.
Grinder is severely wounded.
Grinder hits you but does no damage. Grinder gestures at you.
Pain shoots through your body!
You die...

#....# #.##.#
###.##.#
##...#..#
#.#..##.#
#..#.#..#
##..#.#.#####
#...#).....#
#..@.#.....#
#..5#.#....#
#....#.#...#
#...##..#..#
#.... ..#.#
#...# ....#
##### ####


You could see Grinder.

Vanquished Creatures
  Sigmund (D:3)
  Purgy (Sewer)
  3 orc priests
  A worker ant (D:4)
  Robin (D:3)
  5 adders
  An ooze (D:2)
  A worm (D:2)
  5 orcs
  A ball python (D:1)
  4 bats
  4 giant cockroaches
  11 goblins
  6 hobgoblins
  2 frilled lizards (D:1)
  11 kobolds
  6 rats
64 creatures vanquished.

Vanquished Creatures (others)
  An orc wizard (D:3)
1 creature vanquished.

Grand Total: 65 creatures vanquished

Notes
Turn   | Place    | Note
-------+----------+-------------------------------------------
     0 | D:1      | Monsterracer the Human Fighter began the quest for the Orb.
     0 | D:1      | Reached XP level 1. HP: 18/18 MP: 1/1
   132 | D:1      | Reached XP level 2. HP: 14/24 MP: 2/2
   880 | D:2      | Reached XP level 3. HP: 29/29 MP: 3/3
  1461 | D:2      | Reached XP level 4. HP: 32/35 MP: 4/4
  1527 | D:2      | Reached skill level 3 in Axes
  2188 | D:3      | Noticed Robin
  2199 | D:3      | HP: 15/35 [goblin/club[Robin] (4)]
  2201 | D:3      | Killed Robin
  2261 | D:3      | Found a glowing drain.
  2391 | Sewer    | Entered a sewer
  2417 | Sewer    | Reached XP level 5. HP: 41/41 MP: 5/5
  2444 | Sewer    | Noticed Purgy
  2452 | Sewer    | Killed Purgy
  2452 | Sewer    | Reached XP level 6. HP: 35/48 MP: 6/6
  2591 | Sewer    | Reached skill level 4 in Axes
  2678 | D:3      | Found a radiant altar of Vehumet.
  2690 | D:3      | Noticed Sigmund
  2691 | D:3      | Found an ornate altar of the Wu Jian Council.
  2708 | D:3      | HP: 21/48 [something/puff of flame (5)]
  2713 | D:3      | HP: 4/48 [something (11)]
  2714 | D:3      | HP: 1/48 [something (3)]
  2719 | D:3      | Killed Sigmund
  2719 | D:3      | Reached XP level 7. HP: 3/54 MP: 7/7
  3260 | D:3      | HP: 17/54 [orc priest/divine providence (11)]
  3262 | D:3      | HP: 4/54 [orc priest/nerve-wracking pain (5)]
  3870 | D:4      | Reached skill level 5 in Axes
  3995 | D:4      | Noticed Grinder
  4017 | D:4      | HP: 26/55 [Grinder (5)]
  4019 | D:4      | Paralysed by Grinder for 5 turns
  4022 | D:4      | HP: 6/55 [Grinder/nerve-wracking pain (8)]
  4028 | D:4      | Killed from afar by Grinder

Skill      XL: |  1  2  3  4  5  6  7 |
---------------+----------------------+-----
Axes           | 3 4 5 |  5.0
Fighting       | 4 |  4.3
Armour         | 4 |  4.3
Shields        | 4 |  4.4

Action                   |  1- 3 |  4- 6 |  7- 9 || total
-------------------------+-------+-------+-------++-------
Melee: War axe           |    95 |    77 |    70 ||   242
  Use: Scroll            |       |     9 |     1 ||    10
       Potion            |       |     2 |     2 ||     4
  Eat: Chunk             |     1 |     1 |     1 ||     3
       Ration            |       |     1 |     1 ||     2
Armor: Scale mail        |    51 |    29 |    33 ||   113
       Skin              |       |     3 |       ||     3
Dodge: Dodged            |    26 |    23 |    14 ||    63
Block: Shield            |    50 |    46 |    34 ||   130

Vault maps used:
D:1:      ncdulo_wetmaze
D:3:      vehumet_crystals, lemuel_crystal_altar, portal_sewer_entry_a,
          serial_park_tiny_pond, lemuel_flame_loot_1, uniq_robin, uniq_sigmund
D:4:      first_ration, hangedman_abyss_or_decor_slice,
          kennysheep_generic_room_7, uniq_blork_the_orc, uniq_edmund,
          uniq_grinder
Sewer:    kennysheep_door_sewer
